 Dungeon Crawl Stone Soup version 0.31-a0-188-g5e087ee2ca (webtiles) character file.

Game seed: 17966357755289577454

103 qw the Shooter (level 4, 0/25 HPs)
             Began as a Deep Elf Hunter on June 23, 2023.
             Slain by a gnoll
             ... wielding a +0 flail
              (10 damage)
             ... on level 3 of the Dungeon.
             The game lasted 00:00:28 (1388 turns).

qw the Shooter (Deep Elf Hunter)                    Turns: 1388, Time: 00:00:29

Health: 0/25       AC:  4    Str: 10    XL:     4   Next: 51%
Magic:  6/6        EV: 12    Int: 14    God:
Gold:   59         SH:  0    Dex: 18    Spells: 3/3 levels left

rFire   . . .        Y - +0 shortbow
rCold   . . .        (shield currently unavailable)
rNeg    . . .        d - +1 leather armour {rPois}
rPois   +            (no helmet)
rElec   .            (no cloak)
rCorr   .            (no gloves)
SInv    .            (no boots)
Will    .....        (no amulet)
Stlth   ++           (no ring)
HPRegen 0.24/turn    (no ring)
MPRegen 0.10/turn

%: no passive effects
@: no status effects
A: no striking features
a: no special abilities


You were on level 3 of the Dungeon.
You visited 1 branch of the dungeon, and saw 3 of its levels.

You collected 114 gold pieces.
You spent 55 gold pieces at shops.


   Skills:
 - Level 1.5 Fighting
 + Level 7.9 Ranged Weapons
 - Level 2.4 Dodging
 - Level 1.2 Stealth


You had 3 spell levels left.
You didn't know any spells.
Your spell library was empty.

Inventory:

Hand Weapons
 Y - a +0 shortbow (weapon)
Armour
 d - a +1 leather armour of poison resistance (worn)
 f - a +0 ring mail
Jewellery
 a - a +4 ring of slaying {mikee}
 j - a ring of poison resistance
Scrolls
 c - a scroll of teleportation
 i - a scroll of identify {unknown}
Potions
 b - a potion of might {unknown}
 e - a potion of curing
 g - a potion of heal wounds {unknown}
 h - a potion of enlightenment

Dungeon Overview and Level Annotations

Branches:
Dungeon (3/15)

Altars:
Dithmenos

Shops:
D:3 !


Message History

Enter note:
Enter note:
Enter note:
Enter note:
Enter note:
Enter note:
Enter note:
Enter note: You shoot an arrow.
The arrow hits the gnoll.
The gnoll is moderately wounded.
A gnoll comes into view. It is wielding a +0 flail.
You shoot an arrow. The arrow hits the gnoll.
The gnoll is heavily wounded.
You shoot an arrow. The arrow hits the gnoll!
You kill the gnoll!
A gnoll comes into view. It is wielding a +0 flail.
You shoot an arrow. The arrow hits the gnoll.
The gnoll is heavily wounded.
You shoot an arrow. The arrow closely misses the gnoll.
The arrow hits the gnoll.
The gnoll is lightly wounded.
You shoot an arrow.
The arrow hits the gnoll but does no damage.
The gnoll is heavily wounded.
You shoot an arrow. The arrow hits the gnoll!
You kill the gnoll!
You shoot an arrow. The arrow closely misses the gnoll.
You shoot an arrow.
The arrow hits the gnoll but does no damage.
The gnoll is lightly wounded.
The gnoll hits you with a +0 flail.
You shoot an arrow. The arrow hits the gnoll.
The gnoll is moderately wounded.
The gnoll hits you with a +0 flail!
You shoot an arrow. The arrow hits the gnoll.
The gnoll is heavily wounded.
The gnoll hits you with a +0 flail!
You shoot an arrow. The arrow closely misses the gnoll.
The gnoll hits you with a +0 flail!
You die...

#####.. #+#######......
# #......##..##.#
.##......##.###.#
...........>###.#
#.#.......#.##..#
#.#.............#
...#####.#.......#......
...)..g@.........#.#..##
...#####.##......#.#..#
#.######..#.#..## #.#
#..#.#.... #.#
#....#....
#######.######..#.#..##
#.................#..##
#.#####.######..#.#....
#.# #.# #..#.#.###


You could see a gnoll.

Vanquished Creatures
  Jessica (D:2)
  2 gnolls (D:3)
  2 adders
  3 ball pythons
  4 bats
  9 endoplasms
  A giant cockroach (D:2)
  3 goblins
  2 hobgoblins
  3 quokkas
  2 frilled lizards (D:1)
  3 kobolds (D:1)
  3 rats
38 creatures vanquished.

Notes
Turn   | Place    | Note
-------+----------+-------------------------------------------
     0 | D:1      | qw the Deep Elf Hunter began the quest for the Orb.
     0 | D:1      | Reached XP level 1. HP: 12/12 MP: 3/3
     0 | D:1      | 0 ||| qw: Version: 0.3-a-9-g12657ce
     0 | D:1      | 0 ||| qw: Game counter: 3660
     0 | D:1      | 0 ||| qw: Always use a shield: true
     0 | D:1      | 0 ||| qw: God list: Okawaru
     0 | D:1      | 0 ||| qw: Allow faded altars: false
     0 | D:1      | 0 ||| qw: Do Orc after D:15 true
     0 | D:1      | 0 ||| qw: Do second Lair branch before Depths: true
     0 | D:1      | 0 ||| qw: Lair rune preference: random
     0 | D:1      | 0 ||| qw: Plans: Normal
     0 | D:1      | 0 ||| PLANNING D:1-11
   147 | D:1      | Reached skill level 6 in Ranged Weapons
   147 | D:1      | Reached XP level 2. HP: 16/16 MP: 4/4
   451 | D:1      | Found a shadowy altar of Dithmenos.
   457 | D:1      | 457 ||| UPGRADING to +1 leather armour of poison
                  | resistance.
   467 | D:1      | 467 ||| DROPPING +0 leather armour.
   468 | D:1      | 468 ||| READING scroll labelled JAEVEAJ PIUMO.
   469 | D:1      | 469 ||| READING scroll labelled CYTINA XAGOP XENG.
   474 | D:1      | 474 ||| DRINKING 2 grey potions.
   475 | D:1      | 475 ||| DROPPING scroll of butterflies.
   500 | D:2      | Reached XP level 3. HP: 20/20 MP: 5/5
   682 | D:2      | Noticed Jessica
   684 | D:2      | Killed Jessica
   685 | D:2      | Reached skill level 7 in Ranged Weapons
   836 | D:2      | Reached XP level 4. HP: 25/25 MP: 6/6
  1042 | D:2      | 1042 ||| READING 2 scrolls labelled TAASTER LEPIKHO.
  1043 | D:2      | 1043 ||| READING scroll labelled LOIRIOKHLOOCA.
  1044 | D:2      | 1044 ||| DROPPING scroll of revelation.
  1115 | D:3      | Found Elylegaa's Distillery.
  1120 | D:3      | 1120 ||| BUYING potion of enlightenment (55 gold).
  1120 | D:3      | Bought a potion of enlightenment for 55 gold pieces
  1120 | D:3      | 1120 ||| SHOPLISTING potion of enlightenment (55 gold, have
                  | 30).
  1120 | D:3      | 1120 ||| SHOPLISTING potion of haste (110 gold, have 30).
  1388 | D:3      | Slain by a gnoll

Levels and vault maps discovered:
D:1:      dpeg_arrival_lava_altar, layout_rooms, minmay_tiny_reverse_x
D:2:      layout_loops_ring, kennysheep_cluttered_room, uniq_jessica
D:3:      layout_basic, serial_shops, nicolae_shop_statue_plus

Skill      XL: |  1  2  3 |
---------------+----------+-----
Ranged Weapons | 6 7 |  7.9
Fighting       | |  1.5
Dodging        | |  2.4
Stealth        | |  1.2

Action                     |  1- 3 |  4- 6 || total
---------------------------+-------+-------++-------
   Fire: Shortbow          |    62 |    31 ||    93
    Use: Scroll            |     2 |     2 ||     4
         Potion            |     1 |       ||     1
 Armour: Leather armour    |     8 |     5 ||    13
  Dodge: Dodged            |    15 |     7 ||    22

Table legend:
 A = Non-vault XP
 B = Vault XP
 C = Vault XP percentage of total XP
 D = Non-vault monster count
 E = Vault monster count
 F = Vault count percentage of total count
                 A         B        C        D         E       F
            +---------+---------+-------+---------+---------+-------
      Total |     107 |      41 |  27.7 |      35 |       3 |   7.9
            +---------+---------+-------+---------+---------+-------
        D:1 |      30 |       4 |  11.8 |      18 |       2 |  10.0
        D:2 |      30 |      37 |  55.2 |      11 |       1 |   8.3
        D:3 |      47 |       0 |   0.0 |       6 |       0 |   0.0
            +---------+---------+-------+---------+---------+-------
